 Dungeon Crawl Stone Soup version 0.28-a0-1447-ga5a8893891 (webtiles) character file.

Game seed: 10185089129310984236

61 HallandMoats the Skirmisher (level 3, -1/29 HPs)
             Began as a Demonspawn Fighter on Jan 11, 2022.
             Slain by a river rat (5 damage)
             ... on level 3 of the Dungeon.
             The game lasted 00:01:42 (1771 turns).

HallandMoats the Skirmisher (Demonspawn Fighter)    Turns: 1771, Time: 00:01:42

Health: -1/29      AC:  7    Str: 18    XL:     3   Next: 83%
Magic:  3/3        EV:  9    Int:  9    God:
Gold:   58         SH:  5    Dex: 14    Spells: 2/2 levels left

rFire   . . .      SeeInvis .   a - +0 war axe
rCold   . . .      Faith    .   c - +0 buckler
rNeg    . . .      Spirit   .   b - +0 scale mail
rPois   .          Reflect  .   (no helmet)
rElec   .          Harm     .   (no cloak)
rCorr   .          Rampage  .   n - +0 pair of gloves
Will    .....                   (no boots)
Stlth   +.........              (no amulet)
HPRegen 0.09/turn               (no ring)
MPRegen 0.08/turn               (no ring)

@: mighty, very slow
A: thin skeletal structure 1, powered by death 1
a: no special abilities


You were on level 3 of the Dungeon.
You visited 1 branch of the dungeon, and saw 3 of its levels.

You collected 58 gold pieces.

Inventory:

Hand Weapons
 a - a +0 war axe (weapon)
Armour
 b - a +0 scale mail (worn)
 c - a +0 buckler (worn)
 n - a +0 pair of gloves (worn)
Scrolls
 e - 2 scrolls of magic mapping
 f - 2 scrolls of identify {unknown}
 g - 2 scrolls of torment {unknown}
 i - a scroll of summoning {unknown}
 k - a scroll of fear {unknown}
 l - a scroll of immolation {unknown}
Potions
 h - a potion of curing {unknown}
 j - a potion of haste {unknown}
 m - a potion of heal wounds {unknown}
 o - a potion of mutation {unknown}


   Skills:
 * Level 3.5 Fighting
 * Level 2.5 Axes
 + Level 2.9 Armour
 + Level 1.1 Dodging
 + Level 3.0 Shields


You had 2 spell levels left.
You didn't know any spells.
Your spell library contained the following spells:

 Spells                   Type           Power      Damage    Failure   Level
 Apportation              Tloc           0%         N/A       86%         1
 Alistair's Intoxication  Tmut/Pois      0%         N/A       100%        5


Dungeon Overview and Level Annotations

Branches:
Dungeon (3/15)

Altars:
Dithmenos


Innate Abilities, Weirdness & Mutations

You have a somewhat thin skeletal structure. (Dex +2, Stealth+)
You regenerate a little health from kills.


Message History

The river rat bites you!
The river rat bites you but does no damage.
You completely miss the river rat. The river rat bites you.
You feel very mighty all of a sudden.
The river rat bites you but does no damage.
You slice the river rat!!
You kill the river rat!
You slash the giant cockroach!
You kill the giant cockroach!
Your Dodging skill increases to level 1!
You enter the shallow water.
Moving in this stuff is going to be slow.
You see here a giant cockroach corpse.
A river rat comes into view.
The river rat bites you.
You barely miss the river rat. The river rat closely misses you.
The river rat bites you but does no damage.
You slash the river rat!
You kill the river rat!
You hear the slow rusting of a drain.
You see here a river rat corpse.
A giant cockroach comes into view.
A river rat and an adder come into view.
The giant cockroach splashes around in the water.
The giant cockroach barely misses you. The river rat barely misses you.
You barely miss the river rat. You hit the giant cockroach.
The giant cockroach bites you but does no damage.
You block the river rat's attack. The giant cockroach closely misses you.
The river rat bites you.
You closely miss the river rat. You slash the giant cockroach!
You kill the giant cockroach!
The river rat bites you!
* * * LOW HITPOINT WARNING * * *
Your Shields skill increases to level 3!
You hit the river rat but do no damage. You block the river rat's attack.
The river rat barely misses you.
You barely miss the river rat. You block the river rat's attack.
Your unstable footing causes you to fumble your attack.
You block the river rat's attack. The river rat bites you.
You die...

,,,,,,,**,,,,,,,,,,,,,,,,**,,*,,,
*****,,,,,,,,,,,,,,,,,,,,**,,,,,,
* **,***,,,,,,,,,,,,,,,***,*,,,
#.* *,,,,,,,,,,,,,,,* *,*,<, *
#.# *,,,,,,,,,,,,,,,***,,,,, *
#.####,,,,###,,,,,,***,,,,,, *
#.##≈######≈##,,,,**,,,*>,*, *
#.#≈≈≈≈≈†≈≈≈≈#*****,,****,*, *
#.#≈≈≈####†@≈# *,,** *,*, *
####.##≈##≈≈##r## **,******,*, *
#....<#≈#≈≈∩≈#S# *,,* *,,,,,, *
#...).#≈#≈≈≈≈#≈# **,** *,,,,,, *
#....##≈##≈≈*#≈#* *,,* *,,,,,,
#....#≈≈≈#≈≈*≈≈≈***,** *,,,,,,
#....#≈≈≈#≈≈≈≈≈≈*,,,* *,,,,,,
#....##†##***#≈#***** *,,,,,,
#.....#.# *** *,,,,,,


You could see an adder and a river rat.

Vanquished Creatures
  2 river rats (D:3)
  3 dart slugs
  3 endoplasms
  3 giant cockroaches
  2 goblins
  4 hobgoblins
  3 jackals (D:2)
  5 kobolds
  A quokka (D:2)
  2 ball pythons
  5 bats
  3 frilled lizards
  A rat (D:1)
37 creatures vanquished.

Notes
Turn   | Place    | Note
-------+----------+-------------------------------------------
     0 | D:1      | HallandMoats the Demonspawn Fighter began the quest for the
                  | Orb.
     0 | D:1      | Reached XP level 1. HP: 18/18 MP: 1/1
   436 | D:1      | Gained mutation: You regenerate a little health from kills.
                  | [demonic ancestry]
   436 | D:1      | Reached XP level 2. HP: 23/24 MP: 2/2
   867 | D:1      | Found a faded altar of an unknown god.
  1167 | D:2      | Found a shadowy altar of Dithmenos.
  1231 | D:2      | Gained mutation: You have a somewhat thin skeletal
                  | structure. (Dex +2, Stealth+) [demonic ancestry]
  1231 | D:2      | Reached XP level 3. HP: 21/29 MP: 3/3
  1751 | D:3      | Reached skill level 1 in Dodging
  1771 | D:3      | Slain by a river rat

Illustrated notes

Levels and vault maps discovered:
D:1:      wander_arrival_peaceful_grave, layout_basic,
          shapermc_ecumenical_altar_gd, minmay_misc_feat_five
D:2:      layout_basic, basic_altar
D:3:      layout_rooms, gup_sewer_entry_bubbles

Skill      XL: |  1  2  3 |
---------------+----------+-----
Axes           | 2 |  2.5
Dodging        | 1 |  1.1
Shields        | 3 |  3.0
Fighting       | |  3.5
Armour         | |  2.9

Action                   || total
-------------------------++-------
Melee: War axe           ||    85
  Use: Scroll            ||     1
       Potion            ||     1
Armor: Scale mail        ||    42
Dodge: Dodged            ||    41
Block: Buckler           ||    23

Table legend: (Time is in decaauts)
 A = Elapsed time spent in this place.
 B = Non-inter-level travel time spent in this place.
 C = Inter-level travel time spent in this place.
 D = Time resting spent in this place.
 E = Time spent auto-exploring this place.
 F = Levels seen in this place.
 G = Mean time per level.
                   A        B        C        D        E       F      G
               +--------+--------+--------+--------+--------+-----+--------+
         Total |   1819 |   1819 |      0 |      0 |   1502 |   3 |  606.3 |
       Dungeon |   1819 |   1819 |      0 |      0 |   1502 |   3 |  606.3 |
               +--------+--------+--------+--------+--------+-----+--------+

Top non-repeatable levels by time:
     D:1: 1071 daAuts
     D:2: 687 daAuts
     D:3: 61 daAuts
